AoeStats
← uDORRI

Hill Fort

504123671Analyzed
2v2 RM · 1mo ago on Sep 4, 2026· 43m 57s· 4 players
Game mode
Random Map
Map size
Medium (4 player)
Population
200
Speed
Normal
Resources
Standard
Victory
Conquest
Starting age
Dark Age
Ending age
Imperial Age
RankedLock teamsTeams togetherTeam positionsShared explorationLock speedFull tech treeHidden civsTurbo modeCheats
Victory
Defeat
🇦🇷 Bohemians · Argentina
723
+12
🇦🇷 Persians · Argentina
694
+13
🇺🇸 Slavs · United States
647
-13
🇺🇸 Spanish · United States
619
-12
Charmanarnar
10:02 Feudal Age
11:36 Man-at-Arms
25:56 Scale Mail Armor
31:26 Forging
uDORRI
10:21 Feudal Age
19:19 Castle Age
17:39 Double-Bit Axe
26:57 Pikeman
29:15 Horse Collar
30:05 Heavy Plow
30:56 Scale Mail Armor
31:07 Forging
31:16 Guard Tower
33:14 Wheelbarrow
33:47 Masonry
35:20 Redemption
35:28 Redemption
juanba104
0:26 Loom
13:01 Feudal Age
17:26 Castle Age
16:31 Double-Bit Axe
16:32 Horse Collar
16:41 Double-Bit Axe
18:10 Heavy Plow
19:31 Wheelbarrow
23:38 Bow Saw
25:11 Hand Cart
26:58 Town Watch
34:37 Imperial Age
35:23 Murder Holes
37:20 Devotion
42:37 Elite Hussite Wagon
42:43 Elite Hussite Wagon
43:44 Conscription
43:31 Wagenburg Tactics
GonzaloZN
4:36 Loom
11:26 Feudal Age
16:25 Castle Age
15:56 Double-Bit Axe
15:57 Horse Collar
16:21 Stone Mining
18:59 Bloodlines
26:47 Crossbowman
30:24 Scale Barding Armor
30:30 Forging
34:41 Heavy Plow
36:15 Gold Mining
38:09 Devotion
Connection lost

Rejoining the realm…

Still unreachable

The connection could not be restored.

Session expired

The server has moved on; the page needs a fresh start.